 Dungeon Sprint DCSS version 0.19-a0-1513-gf6d23ed (webtiles) character file.

214 poirepourri the Unseen (level 5, 0/25 HPs)
             Began as a Spriggan Enchanter on Sept 12, 2016.
             Was a Follower of Dithmenos.
             Slain by a spriggan
             ... wielding a +0 rapier
              (11 damage)
             ... in the Dungeon (Sprint IV: "Fedhas' Mad Dash").
             The game lasted 00:01:33 (197 turns).

poirepourri the Unseen (Spriggan Enchanter)          Turns: 197, Time: 00:01:34

Health: 0/25       AC:  3    Str:  4    XL:     5   Next: 59%
Magic:  0/10       EV: 18    Int: 17    God:    Dithmenos [*.....]
Gold:   27         SH:  0    Dex: 17    Spells: 4 memorised, 0 levels left

rFire  . . .     SeeInvis +     a - +1 dagger
rCold  . . .     Gourm    .     b - +1 robe
rNeg   . . .     Faith    .     (shield restricted)
rPois  .         Spirit   .     (helmet restricted)
rElec  .         Dismiss  .     (no cloak)
rCorr  .         Reflect  .     (gloves unavailable)
MR     .....     Harm     .     (boots unavailable)
Stlth  +++++++++. NoTele   +    (no amulet)
                                (no ring)
                                (no ring)

@: very slightly contaminated, hasted, wreathed by umbra, very quick
A: unfitting armour, see invisible, herbivore 3, speed 3, slow metabolism 2
a: Renounce Religion


You were in the Dungeon.
You worshipped Dithmenos.
Dithmenos was aware of your devotion.
You were not hungry.

You visited 1 branch You collected 27 gold pieces.

Inventory:

Hand Weapons
 a - a +1 dagger (weapon)
Armour
 b - a +1 robe (worn)
Jewellery
 i - the amulet of invisibility {+Inv}
   (You found it in the Dungeon)

   [amulet of nothing]

   It lets you turn invisible.
Scrolls
 j - 2 scrolls of blinking
Potions
 e - a potion of curing
Books
 c - a book of Maledictions

   Spells                             Type                      Level
   a - Corona                         Hexes                        1
   b - Ensorcelled Hibernation        Hexes/Ice                    2
   c - Confuse                        Hexes                        3
   d - Tukima's Dance                 Hexes                        3
   e - Dazzling Spray                 Conjuration/Hexes            3
Comestibles
 d - 2 bread rations


   Skills:
 - Level 1.0 Fighting
 + Level 3.3 Short Blades
 - Level 3.0 Dodging
 + Level 16.4 Stealth
 + Level 2.6 Spellcasting
 + Level 3.6 Hexes
 - Level 0.4 Ice Magic


You couldn't memorise any spells.
You knew the following spells:

 Your Spells              Type           Power        Failure   Level  Hunger
a - Corona                Hex            ##.....      4%          1    #......
b - Ensorcelled Hibernat  Hex/Ice        #.....       14%         2    ##.....
c - Confuse               Hex            ##......     14%         3    ###....
d - Tukima's Dance        Hex            ##......     14%         3    ###....


Dungeon Overview and Level Annotations

Branches:
Dungeon (1/1)

Altars:
Cheibriados
Dithmenos
Elyvilon
Gozag
Hepliaklqana
Kikubaaqudgha
Makhleb
Nemelex Xobeh
Okawaru
Qazlal
Ru
Sif Muna
Trog
Uskayaw
Vehumet
Xom
Yredelemnul
Zin
The Shining One
Beogh
Jiyva
Lugonu


Innate Abilities, Weirdness & Mutations

You are tiny and cannot use many weapons and most armour.
You have supernaturally acute eyesight. (SInv)
You are a herbivore.
You cover ground extremely quickly.
You need consume almost no food.


Message History

Aiming: Corona
Press: ? - help, Shift-Dir - straight line, f/p - spriggan
Aim: a spriggan, wielding a rapier, wearing a robe and wearing a buckler (lightly wounded, chance to defeat MR: 19%)
The spriggan is outlined in light.
The spriggan blocks your attack.
The spriggan is lightly wounded.
The spriggan completely misses you.
You closely miss the spriggan.
The spriggan is lightly wounded.
You closely miss the spriggan.
The spriggan is lightly wounded.
The spriggan hits you with a rapier!
There is an open door here.
You see here a river rat corpse.
Okay, then.
There is a staircase leading out of the dungeon here.
You hit the fungus.
The fungus is lightly damaged.
The spriggan hits you with a rapier!
You die...

####################
#<.iP#.....#.....#.⌠
#PP@.†.....'.#)..'..
#PPPP#.....#.#†..#..
###############+##..
*,,,*,,,,,,,,+,,,#.⌠
*,,,,,,*,,,,,*,,,###
*,,,,,*,,*,,********
**+****+******,,+,,,
*,,*,,,,+,,,,,,,**,,
*,,*,,***,,,,,,,*,**


You could see a spriggan.

Vanquished Creatures
  A scorpion (D)
  3 oklob saplings (D)
  A worker ant (D)
  A spriggan (D)
  A river rat (D)
  A rat (D)
8 creatures vanquished.

Notes
Turn   | Place    | Note
-------+----------+-------------------------------------------
     0 | D        | poirepourri the Spriggan Enchanter began the quest for the Orb.
     0 | D        | Reached XP level 1. HP: 9/9 MP: 5/5
    17 | D        | Reached skill level 7 in Stealth
    17 | D        | Reached XP level 2. HP: 13/13 MP: 4/6
    54 | D        | Learned a level 2 spell: Ensorcelled Hibernation
    66 | D        | Noticed an oklob sapling
    68 | D        | Killed an oklob sapling
    68 | D        | Reached skill level 10 in Stealth
    68 | D        | Reached XP level 3. HP: 16/16 MP: 8/8
    75 | D        | Reached skill level 11 in Stealth
    97 | D        | Learned a level 3 spell: Confuse
    98 | D        | Found an opulent altar of Gozag.
    98 | D        | Found a hazy altar of Hepliaklqana.
    98 | D        | Found a burning altar of Makhleb.
    98 | D        | Found a roughly hewn altar of Beogh.
    98 | D        | Found a sparkling altar of Nemelex Xobeh.
    98 | D        | Found a snail-covered altar of Cheibriados.
    98 | D        | Found a sacrificial altar of Ru.
    98 | D        | Found a deep blue altar of Sif Muna.
    98 | D        | Found a shimmering altar of Xom.
    98 | D        | Found a basalt altar of Yredelemnul.
    99 | D        | Found a viscous altar of Jiyva.
    99 | D        | Found a bloodstained altar of Trog.
    99 | D        | Noticed an oklob sapling priest
   100 | D        | Found an iron altar of Okawaru.
   100 | D        | Found a shadowy altar of Dithmenos.
   100 | D        | Found a glowing silver altar of Zin.
   101 | D        | Found an ancient bone altar of Kikubaaqudgha.
   101 | D        | Found a hide-covered altar of Uskayaw.
   102 | D        | Found a stormy altar of Qazlal.
   102 | D        | Found a white marble altar of Elyvilon.
   102 | D        | Found a glowing golden altar of the Shining One.
   103 | D        | Found a corrupted altar of Lugonu.
   103 | D        | Found a radiant altar of Vehumet.
   106 | D        | Killed an oklob sapling priest
   106 | D        | Reached skill level 13 in Stealth
   106 | D        | Reached XP level 4. HP: 21/21 MP: 9/9
   112 | D        | Became a worshipper of Dithmenos the Shadowed
   124 | D        | Reached skill level 14 in Stealth
   124 | D        | Reached XP level 5. HP: 25/25 MP: 10/10
   132 | D        | Learned a level 3 spell: Tukima's Dance
   135 | D        | Reached skill level 15 in Stealth
   140 | D        | Reached * piety under Dithmenos
   140 | D        | Reached skill level 1 in Fighting
   140 | D        | Reached skill level 16 in Stealth
   197 | D        | Slain by a spriggan

Vault maps used:
D:        dungeon_sprint_fedhas

Skill      XL: |  1  2  3  4  5 |
---------------+----------------+-----
Stealth        | 7 10 13 14 16 | 16.4
Short Blades   | 2 3 |  3.3
Fighting       | 1 |  1.0
Dodging        | |  3.0
Spellcasting   | |  2.6
Hexes          | |  3.6
Ice Magic      | |  0.4

Action                   |  1- 3 |  4- 6 || total
-------------------------+-------+-------++-------
Melee: Dagger            |    10 |     9 ||    19
 Cast: Corona            |     1 |     1 ||     2
       Ensorcelled Hiber |       |    14 ||    14
  Use: Potion            |     1 |     4 ||     5
       Scroll            |     1 |       ||     1
 Stab: Sleeping          |     3 |     3 ||     6
Armor: Robe              |       |     2 ||     2
Dodge: Dodged            |     3 |    14 ||    17
